 Dungeon Crawl Stone Soup version 0.22.1 (webtiles) character file.

235 JedernureinKreuz the Conjurer (level 5, -6/39 HPs)
             Began as a Demigod Conjurer on Sept 18, 2018.
             Mangled by a river rat (9 damage)
             ... on level 3 of the Dungeon.
             The game lasted 00:09:32 (2581 turns).

JedernureinKreuz the Conjurer (Demigod Conjurer)    Turns: 2581, Time: 00:09:33

Health: -6/39      AC:  3    Str: 11    XL:     5   Next: 47%
Magic:  2/11       EV: 12    Int: 21    God:
Gold:   119        SH:  0    Dex: 16    Spells: 7/8 levels left

rFire    . . .     SeeInvis .   b - -2 short sword (curse)
rCold    . . .     Gourm    .   (no shield)
rNeg     . . .     Faith    .   l - +0 leather armour
rPois    .         Spirit   .   (no helmet)
rElec    .         Reflect  .   (no cloak)
rCorr    .         Harm     .   (no gloves)
MR       .....                  (no boots)
Stlth    ++........             (no amulet)
HPRegen  0.13/turn              (no ring)
MPRegen  0.12/turn              (no ring)

@: no status effects
A: high mp 1
a: no special abilities


You were on level 3 of the Dungeon.
You were not hungry.

You visited 1 branch of the dungeon, and saw 4 of its levels.

You collected 119 gold pieces.

Inventory:

Hand Weapons
 b - a cursed -2 short sword (weapon)
 q - a +1 spear
Missiles
 f - 16 sling bullets
 i - 7 tomahawks (quivered)
 k - 4 silver tomahawks
 m - 25 arrows
Armour
 a - a +1 robe
 l - a +0 leather armour (worn)
Scrolls
 d - a scroll of blinking {unknown}
 e - 2 scrolls of identify
 p - 2 scrolls of enchant weapon
 r - a scroll of immolation {unknown}
Potions
 g - 2 potions of might {unknown}
 h - a potion of degeneration {unknown}
 j - 2 potions of agility {unknown}
 n - 2 potions of lignification {unknown}
 o - 3 potions of curing {unknown}
Comestibles
 c - 5 rations


   Skills:
 + Level 0.9 Fighting
 + Level 1.7 Short Blades
 + Level 0.8 Throwing
 + Level 1.4 Armour
 + Level 2.4 Dodging
 + Level 2.7 Stealth
 + Level 2.3 Spellcasting
 + Level 4.5 Conjurations


You had 7 spell levels left.
You knew the following spells:

 Your Spells              Type           Power        Failure   Level  Hunger
a - Magic Dart            Conj           ###.         3%          1    #......

Your spell library contained the following spells:

 Spells                   Type           Power        Failure   Level  Hunger
 Searing Ray              Conj           ###...       4%          2    ##.....
 Dazzling Spray           Conj/Hex       ##....       22%         3    ###....
 Iskenderun's Mystic Bla  Conj           ###.....     28%         4    #####..
 Force Lance              Conj/Tloc      ##......     58%         4    #####..
 Fulminant Prism          Conj/Hex       ##........   58%         4    #####..


Dungeon Overview and Level Annotations

Branches:
Dungeon (4/15)
 Temple: D:4-7


Innate Abilities, Weirdness & Mutations

You have an increased reservoir of magic. (+10% MP)


Message History

* * * LOW HITPOINT WARNING * * *
You hit the river rat but do no damage. The river rat bites you.
* * * LOW HITPOINT WARNING * * *
The river rat bites you.
* * * LOW HITPOINT WARNING * * *
You feel sick. The river rat barely misses you.
You feel sick. The river rat bites you.
* * * LOW HITPOINT WARNING * * *
The river rat bites you but does no damage.
You feel sick.
You are no longer poisoned.
Your magical contamination has completely faded away.
Casting: Magic Dart (safe; 3% risk of failure)
Confirm with . or Enter, or press ? or * to list all spells.
Aiming: Magic Dart (safe; 3% risk of failure)
Press: ? - help, Shift-Dir - straight line, f - river rat
Aim: a river rat The magic dart hits the river rat.
The river rat bites you!
You die...

#..# #####≈#≈#≈................
#..# #≈≈≈≈≈#≈≈≈≈...............
#..# #≈#≈#≈................ #..#
#≈#≈#≈.............#'' #..#
#≈≈≈#...#####....#.#.#
#..############...##...........#
#....+........................##
#....#.........r...#.#.........#
###............@..........)....+
#####'###..........###.[.....#
#............<.......#........
#.........#....>..............
#.........#........#.#........
#.............#...##..........
#.............###.....#......#
##.............# #.....#......#
#..............####....#......#


You could see a river rat.

Vanquished Creatures
  An ogre (D:3)
  Natasha (thrice) (D:3)
  3 adders
  2 oozes (D:1)
  2 worms (D:3)
  2 leopard geckos (D:1)
  A ball python (D:1)
  5 bats
  A giant cockroach (D:1)
  A goblin (D:1)
  2 hobgoblins
  A quokka (D:3)
  4 frilled lizards (D:1)
  9 kobolds
  9 rats
46 creatures vanquished.

Notes
Turn   | Place    | Note
-------+----------+-------------------------------------------
     0 | D:1      | JedernureinKreuz the Demigod Conjurer began the quest for
                  | the Orb.
     0 | D:1      | Reached XP level 1. HP: 14/14 MP: 5/5
    53 | D:1      | Reached skill level 4 in Conjurations
   133 | D:1      | Reached XP level 2. HP: 9/20 MP: 5/7
   506 | D:1      | Reached XP level 3. HP: 12/26 MP: 2/8
   810 | D:2      | Found an ornate altar of the Wu Jian Council.
   917 | D:2      | Found a snail-covered altar of Cheibriados.
  1702 | D:3      | Reached skill level 1 in Short Blades
  1742 | D:3      | Noticed an ogre
  1750 | D:3      | Killed an ogre
  1750 | D:3      | Reached XP level 4. HP: 13/34 MP: 1/9
  1928 | D:3      | Reached skill level 1 in Armour
  1962 | D:3      | Noticed Natasha
  1969 | D:3      | Killed Natasha
  1969 | D:3      | Reached XP level 5. HP: 25/39 MP: 3/10
  1994 | D:3      | Noticed Natasha
  2002 | D:3      | Killed Natasha
  2032 | D:3      | Noticed Natasha
  2243 | D:3      | Killed Natasha
  2304 | D:3      | Found an iron altar of Okawaru.
  2581 | D:3      | Mangled by a river rat

Skill      XL: |  1  2  3  4 |
---------------+-------------+-----
Conjurations   | 4 |  4.5
Dodging        | 2 |  2.4
Stealth        | 2 |  2.7
Short Blades   | 1 |  1.7
Spellcasting   | 2 |  2.3
Armour         | 1 |  1.4
Fighting       | |  0.9
Throwing       | |  0.8

Action                   |  1- 3 |  4- 6 || total
-------------------------+-------+-------++-------
Melee: Short sword       |    76 |    15 ||    91
Throw: Tomahawk          |       |    26 ||    26
 Cast: Magic Dart        |    40 |    34 ||    74
  Use: Scroll            |     4 |       ||     4
 Stab: Sleeping          |     6 |       ||     6
  Eat: Chunk             |     2 |     4 ||     6
Armor: Robe              |    15 |       ||    15
       Leather armour    |    13 |     5 ||    18
Dodge: Dodged            |    62 |    14 ||    76
